 Dungeon Crawl Stone Soup version 0.29-a0-821-g66395355a5 (webtiles) character file.

Game seed: 7489575756825235796

44 xian the Magician (level 3, -2/24 HPs)
             Began as a Demonspawn Hedge Wizard on July 7, 2022.
             Slain by a gnoll
             ... wielding a +1 whip of electrocution
              (6 damage)
             ... on level 1 of the Dungeon.
             The game lasted 00:05:20 (2070 turns).

xian the Magician (Demonspawn Hedge Wizard)         Turns: 2070, Time: 00:05:24

Health: -2/24      AC:  4    Str: 10    XL:     3   Next: 39%
Magic:  6/8        EV: 12    Int: 17    God:
Gold:   77         SH:  0    Dex: 12    Spells: 3/9 levels left

rFire   . . .      SeeInvis .   f - +0 short sword
rCold   . . .      Faith    .   (no shield)
rNeg    . . .      Spirit   .   b - +0 robe
rPois   .          Reflect  .   c - +0 hat
rElec   .          Harm     .   (no cloak)
rCorr   .          Rampage  .   (no gloves)
Will    .....                   (no boots)
Stlth   ++........              (no amulet)
HPRegen 0.08/turn               (no ring)
MPRegen 0.11/turn               (no ring)

@: very slightly contaminated
A: icy blue scales 1
a: no special abilities


You were on level 1 of the Dungeon.
You visited 1 branch of the dungeon, and saw 2 of its levels.

You collected 77 gold pieces.

Inventory:

Hand Weapons
 f - a +0 short sword (weapon)
Armour
 b - a +0 robe (worn)
 c - a +0 hat (worn)
 m - a +0 leather armour
Scrolls
 e - a scroll of enchant weapon {unknown}
 h - 2 scrolls of identify {unknown}
 j - a scroll of brand weapon {unknown}
 n - a scroll of noise {unknown}
Potions
 a - 2 potions of curing {unknown}
 d - a potion of magic
 g - a potion of flight {unknown}
 i - 2 potions of degeneration {unknown}
 k - a potion of cancellation {unknown}
 l - 2 potions of haste {unknown}
 o - a potion of heal wounds {unknown}


   Skills:
 + Level 0.1 Fighting
 + Level 2.0 Dodging
 + Level 1.8 Stealth
 + Level 3.6 Spellcasting
 + Level 2.1 Conjurations
 + Level 1.0 Summonings
 + Level 0.8 Translocations


You had 3 spell levels left.
You knew the following spells:

 Your Spells              Type           Power      Damage    Failure   Level
a - Magic Dart            Conj           40%        1d5       7%          1
b - Slow                  Hex            12%        N/A       16%         1
c - Blink                 Tloc           12%        N/A       17%         2
d - Call Imp              Summ           6%         N/A       16%         2

Your spell library contained the following spells:

 Spells                   Type           Power      Damage    Failure   Level
 Ensorcelled Hibernation  Hex/Ice        6%         N/A       24%         2
 Sublimation of Blood     Necr           3%         N/A       24%         2
 Wereblood                Tmut           3%         N/A       24%         2
 Conjure Flame            Conj/Fire      6%         6-21      32%         3
 Mephitic Cloud           Conj/Pois/Air  5%         N/A       36%         3
 Animate Armour           Summ/Erth      8%         N/A       78%         4
 Summon Forest            Summ/Tloc      3%         N/A       97%         5
 Summon Hydra             Summ           3%         N/A       100%        7
 Dragon's Call            Summ           3%         N/A       100%        9


Dungeon Overview and Level Annotations

Branches:
Dungeon (2/15)

Altars:

Shops:
D:1 (


Innate Abilities, Weirdness & Mutations

You are partially covered in icy blue scales. (AC +2)


Message History

The hobgoblin barely misses you.
You climb upwards.
There is a stone staircase leading down here.
Casting: Magic Dart (safe; 7% risk of failure)
Confirm with . or Enter, or press ? or * to list all spells.
A beastly little devil appears in a puff of flame.
The hobgoblin closely misses you.
Your crimson imp hits the hobgoblin.
The hobgoblin barely misses your crimson imp.
Your crimson imp hits the hobgoblin but does no damage.
The hobgoblin barely misses your crimson imp.
Your crimson imp completely misses the hobgoblin.
The hobgoblin barely misses your crimson imp.
Your crimson imp hits the hobgoblin.
The hobgoblin dies!
You start resting.
Your crimson imp disappears in a puff of smoke!
Magic restored.
You start resting.
HP restored.
There is a stone staircase leading down here.
You see here a hobgoblin corpse.
You climb downwards.
The gnoll hits you with a +1 whip of electrocution.
The gnoll closely misses you.
There is a stone staircase leading up here.
The gnoll hits you with a +1 whip of electrocution.
You are electrocuted!
* * * LOW HITPOINT WARNING * * *
The gnoll barely misses you.
You climb upwards.
There is a stone staircase leading down here.
You see here a hobgoblin corpse.
Casting: Call Imp (safe; 16% risk of failure)
Confirm with . or Enter, or press ? or * to list all spells.
You miscast Blink.
You are very lightly contaminated with residual magic.
Nothing appears to happen.
The gnoll hits you but does no damage.
The gnoll hits you with a +1 whip of electrocution.
You die...

≈≈≈≈≈≈....# #..###
≈≈≈≈≈≈≈...# ##.#.##
≈≈≈≈≈≈≈≈#.# #.....#
#####≈≈.#.# ##.#.##
#...#≈..#.####..(..#
#._.'.........#.#.##
#...#≈########.....#
#####≈≈.......#.#g##
≈≈≈≈≈≈≈#####...g@..#
≈≈≈≈≈≈≈......##.#.###
≈≈≈≈≈≈≈#######......#
.≈≈≈≈###......#÷#.#.#
..#.## #.#####.)....#
....# #.# ##.#.#.#
##### #.# #......#
#.######.#.#.#
#.....#......#


You could see 2 gnolls.

Vanquished Creatures
  An adder (D:2)
  A dart slug (D:1)
  2 ball pythons
  5 endoplasms
  3 giant cockroaches
  A quokka (D:1)
  7 bats
  A frilled lizard (D:1)
  A goblin (D:1)
  5 kobolds (D:1)
  2 rats
29 creatures vanquished.

Vanquished Creatures (collateral kills)
  An endoplasm (D:1)
  A hobgoblin (D:1)
2 creatures vanquished.

Grand Total: 31 creatures vanquished

Notes
Turn   | Place    | Note
-------+----------+-------------------------------------------
     0 | D:1      | xian the Demonspawn Hedge Wizard began the quest for the
                  | Orb.
     0 | D:1      | Reached XP level 1. HP: 13/13 MP: 4/4
   555 | D:1      | Gained mutation: You are partially covered in icy blue
                  | scales. (AC +2) [demonic ancestry]
   555 | D:1      | Reached XP level 2. HP: 19/19 MP: 0/6
   727 | D:1      | Found Afofiomp's Antique Weapon Shoppe.
   991 | D:1      | Learned a level 1 spell: Slow
   994 | D:1      | Learned a level 2 spell: Blink
   997 | D:1      | Learned a level 2 spell: Call Imp
  1043 | D:1      | Got the Compendium of the Hiemal Throng
  1199 | D:1      | Found a faded altar of an unknown god.
  1473 | D:2      | Reached XP level 3. HP: 24/24 MP: 2/8
  2070 | D:1      | Slain by a gnoll

Illustrated notes

Levels and vault maps discovered:
D:1:      reono_arrival_mine, layout_basic, nicolae_ecumenical_lake_church,
          serial_shops, nicolae_shop_hallway_plus,
          hangedman_decor_clover_reticule, st_stairs_13, minmay_misc_feat_cross,
          minmay_quantized
D:2:      layout_rooms, uniq_terence

Skill      XL: |  1  2  3 |
---------------+----------+-----
Dodging        | 2 |  2.0
Conjurations   | 2 |  2.1
Fighting       | |  0.1
Stealth        | |  1.8
Spellcasting   | |  3.6
Summonings     | |  1.0
Translocations | |  0.8

Action                   || total
-------------------------++-------
Melee: Dagger            ||    12
       Short sword       ||    28
 Cast: Magic Dart        ||    61
       Call Imp          ||     4
       Blink             ||     2
Armor: Robe              ||    13
Dodge: Dodged            ||    35

Table legend: (Time is in decaauts)
 A = Elapsed time spent in this place.
 B = Non-inter-level travel time spent in this place.
 C = Inter-level travel time spent in this place.
 D = Time resting spent in this place.
 E = Time spent auto-exploring this place.
 F = Levels seen in this place.
 G = Mean time per level.
                   A        B        C        D        E       F      G
               +--------+--------+--------+--------+--------+-----+--------+
         Total |   2075 |   2061 |     14 |    198 |   1529 |   2 | 1037.5 |
       Dungeon |   2075 |   2061 |     14 |    198 |   1529 |   2 | 1037.5 |
               +--------+--------+--------+--------+--------+-----+--------+

Top non-repeatable levels by time:
     D:1: 1681 daAuts
     D:2: 393 daAuts
